General information
- name: BNet
- type: Ladder team game (AT/RT)
- host: Battle.net
- saver: VodkaOrc
map: MarketSquare
- players: 8
- length: 57:56
- speed: Fast
- version: 1.27 W3XP
- replay type: Public
» download(337 KB)
Players
team 1 (loser)
texas (
pink | 26 APM | 1458 actions | 56:07)
5 Mountain King
3 Storm Bolt
1 Thunder Clap
1 Bash
5 Archmage
2 Summon Water Elemental
1 Blizzard
2 Brilliance Aura
4 Blood Mage
2 Flame Strike
2 Banish
» actions
| Basic commands | 15 | |
| Build / train | 137 | |
| Enter build submenu | 51 | |
| Enter hero's abilities submenu | 14 | |
| Remove unit from queue | 7 | |
| Right click | 450 | |
| Select / deselect | 633 | |
| Use ability | 151 | |
1458 total
» units
| Peasant | 19 | |
| Footman | 3 | |
| Rifleman | 5 | |
| Knight | 16 | |
| Priest | 22 | |
| Gryphon Rider | 4 | |
69 total
» upgrades
| Masonry | 2 | |
| Magic Sentry | 1 | |
| Priest Training | 2 | |
| Plating | 3 | |
| Swords | 3 | |
| Lumber Harvesting | 1 | |
| Animal War Training | 1 | |
| Storm Hammers | 1 | |
14 total
» buildings
| Barracks | 3 | |
| Altar of Kings | 2 | |
| Farm | 13 | |
| Lumber Mill | 2 | |
| Blacksmith | 2 | |
| Scout Tower | 15 | |
| Arcane Tower | 5 | |
| Arcane Vault | 2 | |
| Town Hall | 4 | |
| Guard Tower | 8 | |
| Keep | 3 | |
| Castle | 2 | |
| Arcane Sanctum | 2 | |
| Gryphon Aviary | 2 | |
65 total
» build order
00:15 Barracks
00:20 Altar of Kings
00:25 Farm
01:10 Farm
01:26 Lumber Mill
01:48 Farm
02:05 Blacksmith
02:10 Scout Tower
02:35 Farm
03:00 Arcane Tower
03:46 Scout Tower
04:08 Arcane Vault
04:16 Arcane Tower
04:48 Scout Tower
05:25 Arcane Tower
05:55 Scout Tower
06:08 Town Hall
06:11 Scout Tower
06:13 Scout Tower
06:31 Guard Tower
06:33 Scout Tower
06:38 Scout Tower
06:41 Guard Tower
06:49 Guard Tower
07:02 Scout Tower
07:03 Guard Tower
07:09 Farm
07:21 Guard Tower
07:29 Guard Tower
07:54 Farm
08:07 Keep
08:37 Farm
08:54 Scout Tower
09:18 Farm
09:29 Scout Tower
09:47 Barracks
09:53 Guard Tower
09:56 Scout Tower
10:06 Arcane Tower
10:12 Arcane Vault
10:31 Castle
11:00 Guard Tower
11:11 Arcane Sanctum
11:28 Farm
12:13 Farm
13:08 Farm
13:49 Farm
15:17 Scout Tower
16:16 Scout Tower
17:30 Scout Tower
18:00 Arcane Tower
19:38 Town Hall
22:03 Farm
28:07 Town Hall
32:17 Altar of Kings
33:05 Barracks
33:07 Keep
34:18 Town Hall
35:32 Castle
35:38 Arcane Sanctum
38:30 Blacksmith
40:44 Lumber Mill
43:42 Gryphon Aviary
43:48 Gryphon Aviary
» items
| Scroll of Regeneration | 3 | |
| Lesser Clarity Potion | 3 | |
| Scroll of Town Portal | 2 | |
| Potion of Healing | 2 | |
| Potion of Mana | 2 | |
12 total
GOKU-OR-NARUTO (
green | 74 APM | 4276 actions | 57:55)
6 Blademaster
3 Wind Walk
2 Critical Strike
1 Bladestorm
4 Shadow Hunter
2 Hex
2 Healing Wave
» actions
| Assign group hotkey | 52 | |
| Basic commands | 463 | |
| Build / train | 99 | |
| Enter build submenu | 31 | |
| Enter hero's abilities submenu | 9 | |
| Give item / drop item | 1 | |
| Right click | 1728 | |
| Select / deselect | 411 | |
| Select group hotkey | 1321 | |
| Use ability | 161 | |
4276 total
» units
| Peon | 18 | |
| Grunt | 4 | |
| Wind Rider | 33 | |
| Raider | 5 | |
60 total
» upgrades
| Reinforced Defenses | 1 | |
| Envenomed Spears | 1 | |
| Ranged Weapons | 1 | |
| Armor | 1 | |
4 total
» buildings
| Altar of Storms | 1 | |
| Orc Burrow | 9 | |
| Barracks | 1 | |
| Voodoo Lounge | 1 | |
| Stronghold | 3 | |
| War Mill | 1 | |
| Beastiary | 4 | |
| Great Hall | 6 | |
| Watch Tower | 13 | |
| Fortress | 1 | |
40 total
» build order
00:07 Altar of Storms
00:19 Orc Burrow
00:36 Barracks
01:25 Orc Burrow
01:57 Voodoo Lounge
03:10 Stronghold
03:14 Orc Burrow
03:49 War Mill
05:02 Orc Burrow
05:42 Beastiary
06:02 Beastiary
07:47 Great Hall
07:49 Watch Tower
07:52 Watch Tower
08:30 Fortress
09:22 Watch Tower
09:28 Watch Tower
10:33 Watch Tower
10:37 Watch Tower
11:26 Orc Burrow
11:48 Watch Tower
11:49 Watch Tower
12:52 Orc Burrow
14:01 Watch Tower
14:01 Watch Tower
14:05 Watch Tower
20:40 Watch Tower
20:40 Watch Tower
20:43 Stronghold
21:29 Orc Burrow
28:29 Beastiary
28:31 Beastiary
31:30 Great Hall
31:38 Great Hall
35:39 Stronghold
35:47 Orc Burrow
35:47 Orc Burrow
39:30 Great Hall
42:31 Great Hall
43:54 Great Hall
» items
| Healing Salve | 3 | |
| Lesser Clarity Potion | 1 | |
| Scroll of Town Portal | 8 | |
| Orb of Lightning | 1 | |
| Potion of Mana | 1 | |
| Tiny Great Hall | 1 | |
| Staff of Teleportation | 2 | |
| Potion of Lesser Invulnerability | 1 | |
18 total
Proud_2be_Black (
yellow | 34 APM | 1816 actions | 53:42)
2 Archmage
1 Summon Water Elemental
1 Blizzard
» actions
| Assign group hotkey | 127 | |
| Basic commands | 177 | |
| Build / train | 116 | |
| ESC pressed | 1 | |
| Enter build submenu | 34 | |
| Enter hero's abilities submenu | 2 | |
| Right click | 834 | |
| Select / deselect | 372 | |
| Select group hotkey | 94 | |
| Use ability | 59 | |
1816 total
» units
| Peasant | 35 | |
| Flying Machine | 45 | |
| Siege Engine | 8 | |
| Mortar Team | 2 | |
90 total
» upgrades
| Masonry | 3 | |
| Lumber Harvesting | 2 | |
| Gunpowder | 3 | |
| Plating | 3 | |
| Flak Cannons | 1 | |
| Barrage | 1 | |
| Fragmentation Shards | 1 | |
| Armor | 1 | |
15 total
» buildings
| Altar of Kings | 1 | |
| Farm | 15 | |
| Lumber Mill | 1 | |
| Scout Tower | 8 | |
| Arcane Tower | 1 | |
| Town Hall | 4 | |
| Keep | 2 | |
| Guard Tower | 4 | |
| Castle | 1 | |
| Blacksmith | 1 | |
| Workshop | 5 | |
43 total
» build order
00:15 Altar of Kings
00:20 Farm
00:22 Farm
00:54 Lumber Mill
01:16 Scout Tower
01:47 Arcane Tower
03:54 Town Hall
03:59 Keep
04:11 Scout Tower
04:16 Scout Tower
04:19 Scout Tower
04:22 Scout Tower
05:47 Guard Tower
06:15 Scout Tower
06:28 Castle
06:39 Scout Tower
06:45 Guard Tower
07:37 Farm
07:39 Farm
07:45 Farm
07:46 Farm
07:52 Farm
08:00 Blacksmith
08:02 Guard Tower
08:42 Workshop
08:47 Workshop
08:58 Scout Tower
09:07 Workshop
09:16 Workshop
09:26 Farm
09:29 Farm
09:30 Farm
09:31 Farm
09:33 Farm
10:08 Guard Tower
10:36 Farm
10:38 Farm
18:36 Town Hall
20:58 Farm
21:10 Town Hall
21:26 Workshop
26:32 Keep
45:20 Town Hall

»
HielHillary (
blue | 30 APM | 1723 actions | 57:04)
4 Archmage
2 Summon Water Elemental
2 Brilliance Aura
4 Mountain King
2 Storm Bolt
1 Bash
1 Thunder Clap
4 Paladin
2 Divine Shield
1 Holy Light
1 Devotion Aura
» actions
| Basic commands | 99 | |
| Build / train | 116 | |
| Enter build submenu | 40 | |
| Enter hero's abilities submenu | 12 | |
| Give item / drop item | 2 | |
| Remove unit from queue | 3 | |
| Right click | 779 | |
| Select / deselect | 574 | |
| Use ability | 97 | |
1723 total
» units
| Peasant | 14 | |
| Rifleman | 4 | |
| Priest | 6 | |
| Sorceress | 1 | |
| Siege Engine | 10 | |
| Spell Breaker | 2 | |
| Knight | 9 | |
| Gryphon Rider | 8 | |
54 total
» upgrades
| Plating | 3 | |
| Gunpowder | 3 | |
| Priest Training | 2 | |
| Magic Sentry | 1 | |
| Masonry | 2 | |
| Sorceress Training | 2 | |
| Barrage | 1 | |
| Swords | 3 | |
| Animal War Training | 1 | |
| Storm Hammers | 1 | |
| Armor | 1 | |
20 total
» buildings
| Altar of Kings | 1 | |
| Farm | 10 | |
| Barracks | 1 | |
| Blacksmith | 1 | |
| Lumber Mill | 1 | |
| Scout Tower | 21 | |
| Arcane Tower | 1 | |
| Keep | 1 | |
| Guard Tower | 14 | |
| Castle | 1 | |
| Arcane Sanctum | 1 | |
| Workshop | 2 | |
| Town Hall | 1 | |
| Arcane Vault | 1 | |
| Gryphon Aviary | 2 | |
59 total
» build order
00:56 Altar of Kings
01:07 Farm
01:28 Barracks
01:56 Blacksmith
02:16 Farm
02:50 Farm
02:58 Farm
03:15 Lumber Mill
03:29 Scout Tower
03:41 Scout Tower
04:06 Arcane Tower
04:19 Farm
04:48 Keep
05:02 Farm
06:01 Farm
06:06 Guard Tower
06:10 Farm
06:29 Scout Tower
07:28 Castle
07:29 Guard Tower
07:33 Scout Tower
07:37 Farm
08:14 Arcane Sanctum
08:23 Farm
08:47 Guard Tower
08:54 Scout Tower
10:36 Guard Tower
10:43 Workshop
11:31 Town Hall
11:39 Scout Tower
11:56 Workshop
12:09 Guard Tower
12:45 Arcane Vault
22:01 Gryphon Aviary
22:05 Gryphon Aviary
22:44 Scout Tower
22:49 Scout Tower
22:50 Scout Tower
22:52 Scout Tower
22:53 Scout Tower
22:54 Scout Tower
23:15 Guard Tower
24:13 Guard Tower
24:54 Guard Tower
25:04 Scout Tower
25:07 Scout Tower
25:11 Scout Tower
26:33 Guard Tower
27:09 Scout Tower
27:15 Guard Tower
27:19 Scout Tower
28:46 Guard Tower
28:51 Scout Tower
28:53 Scout Tower
30:24 Guard Tower
30:29 Scout Tower
30:33 Scout Tower
32:24 Guard Tower
40:15 Guard Tower
» items
| Potion of Lesser Invulnerability | 2 | |
| Orb of Fire | 1 | |
| Scroll of Town Portal | 4 | |
7 total
team 2 (winner)
itsbeentoolong (
orange | 68 APM | 1267 actions | 18:43)
3 Archmage
2 Summon Water Elemental
1 Brilliance Aura
2 Mountain King
1 Storm Bolt
1 Bash
2 Paladin
1 Divine Shield
1 Holy Light
» actions
| Assign group hotkey | 47 | |
| Basic commands | 39 | |
| Build / train | 48 | |
| ESC pressed | 1 | |
| Enter build submenu | 29 | |
| Enter hero's abilities submenu | 7 | |
| Give item / drop item | 1 | |
| Right click | 474 | |
| Select / deselect | 280 | |
| Select group hotkey | 265 | |
| Use ability | 76 | |
1267 total
» units
| Peasant | 13 | |
| Footman | 6 | |
| Dragonhawk Rider | 4 | |
| Siege Engine | 1 | |
24 total
» upgrades
| Armor | 1 | |
| Lumber Harvesting | 1 | |
| Barrage | 1 | |
3 total
» buildings
| Altar of Kings | 1 | |
| Barracks | 1 | |
| Farm | 9 | |
| Scout Tower | 4 | |
| Arcane Tower | 1 | |
| Lumber Mill | 1 | |
| Keep | 1 | |
| Arcane Vault | 1 | |
| Guard Tower | 2 | |
| Blacksmith | 1 | |
| Castle | 1 | |
| Gryphon Aviary | 2 | |
| Town Hall | 3 | |
| Workshop | 2 | |
30 total
» build order
00:17 Altar of Kings
00:20 Barracks
00:24 Farm
01:07 Farm
01:38 Scout Tower
02:06 Arcane Tower
02:25 Farm
03:19 Lumber Mill
03:32 Keep
03:48 Arcane Vault
03:51 Scout Tower
04:26 Guard Tower
05:52 Blacksmith
05:54 Castle
08:00 Gryphon Aviary
08:04 Farm
08:05 Farm
08:05 Farm
08:49 Gryphon Aviary
12:36 Town Hall
12:49 Town Hall
13:31 Workshop
13:34 Workshop
14:18 Town Hall
14:21 Scout Tower
14:24 Scout Tower
15:42 Guard Tower
18:03 Farm
18:07 Farm
18:18 Farm
» items
| Potion of Healing | 3 | |
| Scroll of Regeneration | 1 | |
| Scroll of Town Portal | 1 | |
| Orb of Fire | 1 | |
6 total
VodkaOrc (
teal | 126 APM | 7312 actions | 57:56)
10 Blademaster
3 Wind Walk
3 Critical Strike
1 Bladestorm
3 Mirror Image
» actions
| Assign group hotkey | 152 | |
| Basic commands | 125 | |
| Build / train | 184 | |
| ESC pressed | 3 | |
| Enter build submenu | 83 | |
| Enter hero's abilities submenu | 11 | |
| Give item / drop item | 7 | |
| Right click | 3405 | |
| Select / deselect | 858 | |
| Select group hotkey | 2014 | |
| Use ability | 470 | |
7312 total
» units
| Peon | 31 | |
| Grunt | 13 | |
| Wind Rider | 4 | |
| Raider | 10 | |
| Demolisher | 5 | |
| Kodo Beast | 2 | |
| Tauren | 9 | |
| Troll Witch Doctor | 3 | |
| Spirit Walker | 4 | |
| Troll Headhunter/Berserker | 9 | |
90 total
» upgrades
| Berserker Strength | 1 | |
| Pillage | 1 | |
| Armor | 2 | |
| Ranged Weapons | 3 | |
| Reinforced Defenses | 1 | |
| Envenomed Spears | 1 | |
| Backpack | 1 | |
| Melee Weapons | 2 | |
| Ensnare | 1 | |
| War Drums Damage Increase | 1 | |
| Witch Doctor Training | 2 | |
| Pulverize | 1 | |
| Magic Sentry | 1 | |
| Berserker Upgrade | 1 | |
| Spiked Barricades | 1 | |
20 total
» buildings
| Orc Burrow | 11 | |
| Altar of Storms | 2 | |
| Barracks | 6 | |
| Voodoo Lounge | 2 | |
| Stronghold | 6 | |
| Great Hall | 2 | |
| War Mill | 1 | |
| Watch Tower | 30 | |
| Fortress | 7 | |
| Beastiary | 2 | |
| Spirit Lodge | 1 | |
| Tauren Totem | 1 | |
| Scout Tower | 15 | |
| Guard Tower | 4 | |
| Lumber Mill | 1 | |
91 total
» build order
00:17 Orc Burrow
00:56 Orc Burrow
01:09 Altar of Storms
01:12 Barracks
01:40 Voodoo Lounge
02:22 Orc Burrow
04:35 Stronghold
05:13 Great Hall
07:10 War Mill
08:33 Watch Tower
08:47 Fortress
08:47 Fortress
08:52 Watch Tower
09:24 Watch Tower
09:25 Watch Tower
10:18 Beastiary
10:21 Beastiary
10:27 Watch Tower
10:28 Watch Tower
10:29 Watch Tower
10:56 Watch Tower
10:57 Watch Tower
10:58 Watch Tower
11:00 Watch Tower
14:11 Watch Tower
14:35 Watch Tower
17:14 Barracks
17:24 Spirit Lodge
17:29 Tauren Totem
17:54 Watch Tower
17:56 Watch Tower
18:56 Scout Tower
18:56 Scout Tower
18:56 Scout Tower
18:57 Scout Tower
19:16 Orc Burrow
19:27 Orc Burrow
22:44 Guard Tower
22:44 Guard Tower
22:44 Guard Tower
22:49 Scout Tower
22:49 Scout Tower
22:50 Scout Tower
22:50 Scout Tower
22:51 Scout Tower
22:52 Scout Tower
22:52 Scout Tower
22:53 Scout Tower
22:53 Scout Tower
22:54 Scout Tower
22:55 Scout Tower
23:19 Watch Tower
23:23 Watch Tower
23:27 Watch Tower
24:51 Orc Burrow
24:54 Orc Burrow
25:05 Orc Burrow
26:32 Watch Tower
26:33 Watch Tower
26:34 Watch Tower
26:56 Watch Tower
28:02 Watch Tower
28:03 Watch Tower
29:03 Barracks
29:04 Barracks
30:07 Barracks
31:51 Barracks
32:01 Voodoo Lounge
32:07 Watch Tower
32:08 Watch Tower
35:20 Altar of Storms
37:47 Lumber Mill
39:27 Great Hall
45:25 Watch Tower
48:00 Watch Tower
54:07 Stronghold
54:07 Stronghold
54:08 Stronghold
54:08 Stronghold
54:10 Watch Tower
54:11 Watch Tower
54:24 Orc Burrow
54:29 Orc Burrow
54:34 Orc Burrow
56:38 Fortress
56:38 Fortress
56:38 Fortress
» items
| Healing Salve | 8 | |
| Lesser Clarity Potion | 5 | |
| Circlet of Nobility | 1 | |
| Scroll of Town Portal | 3 | |
| Orb of Lightning | 1 | |
18 total

»
Sh00ter (
red | 99 APM | 2109 actions | 21:17)
5 Blademaster
3 Wind Walk
2 Critical Strike
5 Shadow Hunter
3 Healing Wave
2 Hex
» actions
| Assign group hotkey | 24 | |
| Basic commands | 266 | |
| Build / train | 60 | |
| ESC pressed | 2 | |
| Enter build submenu | 27 | |
| Enter hero's abilities submenu | 10 | |
| Give item / drop item | 4 | |
| Right click | 939 | |
| Select / deselect | 245 | |
| Select group hotkey | 445 | |
| Use ability | 87 | |
2109 total
» units
| Peon | 20 | |
| Wind Rider | 3 | |
| Troll Batrider | 1 | |
| Demolisher | 3 | |
27 total
» upgrades
| Envenomed Spears | 1 | |
| Reinforced Defenses | 1 | |
| Burning Oil | 1 | |
3 total
» buildings
| Altar of Storms | 1 | |
| Orc Burrow | 5 | |
| Voodoo Lounge | 1 | |
| War Mill | 1 | |
| Stronghold | 3 | |
| Fortress | 2 | |
| Beastiary | 7 | |
| Watch Tower | 6 | |
| Spirit Lodge | 2 | |
| Barracks | 4 | |
32 total
» build order
00:12 Altar of Storms
00:17 Orc Burrow
00:38 Voodoo Lounge
01:20 War Mill
02:39 Stronghold
02:39 Stronghold
02:40 Stronghold
03:49 Orc Burrow
03:54 Orc Burrow
04:33 Orc Burrow
05:16 Fortress
05:16 Fortress
05:54 Beastiary
05:57 Beastiary
06:00 Beastiary
06:04 Beastiary
06:09 Beastiary
06:11 Beastiary
09:22 Watch Tower
09:23 Watch Tower
12:04 Watch Tower
12:05 Watch Tower
12:15 Orc Burrow
13:14 Beastiary
13:46 Spirit Lodge
13:48 Spirit Lodge
13:51 Watch Tower
13:51 Watch Tower
16:40 Barracks
16:44 Barracks
18:17 Barracks
18:19 Barracks
» items
| Healing Salve | 2 | |
| Lesser Clarity Potion | 1 | |
| Circlet of Nobility | 2 | |
| Staff of Teleportation | 1 | |
| Orb of Lightning | 5 | |
| Tiny Great Hall | 1 | |
| Scroll of Town Portal | 1 | |
13 total

»
78704 (
purple | 43 APM | 794 actions | 18:31)
3 Mountain King
2 Storm Bolt
1 Bash
» actions
| Assign group hotkey | 23 | |
| Basic commands | 11 | |
| Build / train | 60 | |
| Enter build submenu | 17 | |
| Enter hero's abilities submenu | 3 | |
| Remove unit from queue | 1 | |
| Right click | 176 | |
| Select / deselect | 156 | |
| Select group hotkey | 305 | |
| Use ability | 42 | |
794 total
» units
| Peasant | 11 | |
| Footman | 8 | |
| Priest | 1 | |
| Sorceress | 3 | |
| Knight | 8 | |
31 total
» upgrades
| Masonry | 3 | |
| Swords | 2 | |
| Plating | 2 | |
| Lumber Harvesting | 2 | |
| Priest Training | 2 | |
| Sorceress Training | 2 | |
| Animal War Training | 1 | |
14 total
» buildings
| Altar of Kings | 1 | |
| Farm | 8 | |
| Scout Tower | 9 | |
| Arcane Tower | 2 | |
| Lumber Mill | 1 | |
| Barracks | 1 | |
| Arcane Vault | 1 | |
| Blacksmith | 1 | |
| Keep | 1 | |
| Guard Tower | 3 | |
| Arcane Sanctum | 2 | |
| Castle | 1 | |
| Town Hall | 1 | |
32 total
» build order
00:13 Altar of Kings
00:24 Farm
00:40 Farm
00:54 Scout Tower
01:22 Arcane Tower
01:29 Lumber Mill
01:44 Scout Tower
01:59 Barracks
02:20 Arcane Tower
02:29 Farm
02:34 Farm
02:51 Arcane Vault
04:09 Blacksmith
04:48 Keep
05:45 Farm
05:46 Farm
06:43 Scout Tower
06:44 Scout Tower
06:45 Scout Tower
07:19 Guard Tower
07:37 Arcane Sanctum
07:38 Arcane Sanctum
07:46 Guard Tower
08:51 Scout Tower
08:52 Scout Tower
08:52 Scout Tower
08:54 Scout Tower
09:17 Castle
10:09 Guard Tower
10:19 Farm
10:20 Farm
11:04 Town Hall
» items
Chat log
(00:54 / Allies) Sh00ter: i go harrase
(00:58 / Allies) itsbeentoolong: where
(02:41 / All) GOKU-OR-NARUTO: truce oj?
(02:45 / All) Sh00ter: lol
(02:49 / All) itsbeentoolong: Ok
(03:05 / All) GOKU-OR-NARUTO: obvious ur mhing too
(08:25 / All) itsbeentoolong: Nice mh
(09:24 / Allies) itsbeentoolong: help
(09:30 / Allies) Sh00ter: go help
(09:30 / Allies) itsbeentoolong: nvm
(11:18 / Allies) VodkaOrc: wood me if you can
(11:33 / Allies) VodkaOrc: ty
(13:13 / All) GOKU-OR-NARUTO: so obvious u maphack
(14:47 / Allies) Sh00ter: help
(15:11 / Allies) Sh00ter: repair
(15:21 / All) Sh00ter: reapir man
(17:00 / All) GOKU-OR-NARUTO: shouldnt hack oj
(17:07 / All) itsbeentoolong: says uou
(17:08 / All) itsbeentoolong: you
(17:13 / All) itsbeentoolong: creep jacking
(17:17 / All) GOKU-OR-NARUTO: u proved u mh'd in the first 2 min dude lol
(17:19 / All) itsbeentoolong: attacking when I'm out of my base
(17:24 / All) GOKU-OR-NARUTO: moving ur am out then back
(17:38 / Allies) VodkaOrc: wood me if you can
(19:35 / All) GOKU-OR-NARUTO: yellow is a tker
(19:50 / All) VodkaOrc: seriously dude?
(19:50 / All) VodkaOrc: wow
(19:52 / All) VodkaOrc: really yellow?
(19:56 / All) GOKU-OR-NARUTO: yellow tk
(19:56 / All) VodkaOrc: tk in a 14 year old game?
(20:00 / All) VodkaOrc: are you fucking kidding me?
(20:08 / All) Proud_2be_Black: nop i didnt
(20:17 / All) Proud_2be_Black: he is a troll
(20:19 / All) GOKU-OR-NARUTO: yellow stfu
(20:23 / All) GOKU-OR-NARUTO: i saw u tk my units
(20:28 / All) VodkaOrc: I think you are a troll yellow
(20:29 / All) VodkaOrc: you tk
(20:49 / All) GOKU-OR-NARUTO: gold me yellow
(20:52 / All) GOKU-OR-NARUTO: and ill stop.
(21:02 / All) GOKU-OR-NARUTO: you shouldnt tk ur alies
(21:07 / All) Sh00ter: gg
(21:08 / All) Sh00ter: lol
(21:47 / All) Proud_2be_Black: wel now i will tk green he is lying bastard
(21:55 / All) VodkaOrc: you are a tker
(21:58 / All) VodkaOrc: you just admitted it
(26:59 / All) Proud_2be_Black: green cant even tell how i tk'd him
(27:10 / All) Proud_2be_Black: green is just a troll
(27:12 / All) VodkaOrc: everyone knows you are a tker
(27:30 / All) Proud_2be_Black: nice try teal
(29:39 / All) texas: LOl run bitdch
(31:26 / All) texas: wow
(31:29 / All) VodkaOrc: run bitch
(31:42 / All) texas: my own guy fucked me u blow teal
(31:57 / All) texas: Wtf green
(32:56 / All) texas: your fukin trash
(33:21 / All) texas: greeen gonna tk
(33:52 / All) Proud_2be_Black: green is a troll
(35:27 / All) texas: u are biggest peice of shit hgreen
(35:33 / All) VodkaOrc: You lose buddy
(35:35 / All) VodkaOrc: just leave
(36:00 / All) texas: never seen such a fat
(36:17 / All) texas: your such a bitch
(36:38 / All) texas: from here out im gonna tk u ever time i play u fuckin bitch
(36:44 / All) VodkaOrc: good luck idiot lol
(36:52 / All) texas: u blow
(37:02 / All) texas: u need other team to tk for a win
(37:04 / All) VodkaOrc: >Looks like I win
(37:05 / All) VodkaOrc: I get a win
(37:07 / All) VodkaOrc: you get a loss, HA!
(37:10 / All) VodkaOrc: how's that buddy?
(39:20 / All) Proud_2be_Black: so many dump ppl in this world
(39:26 / All) texas: only 1 here
(41:09 / All) texas: Gayest game ever
(42:19 / All) GOKU-OR-NARUTO: faggots
(42:29 / All) texas: lol u are the biggest fag ever
(43:24 / All) GOKU-OR-NARUTO: its over
(43:26 / All) GOKU-OR-NARUTO: quit trying lol
(43:29 / All) GOKU-OR-NARUTO: me and teal did it
(43:30 / All) VodkaOrc: I win
(43:30 / All) GOKU-OR-NARUTO: raped u 3
(44:11 / All) GOKU-OR-NARUTO: give up pink lol
(44:12 / All) GOKU-OR-NARUTO: its over
(44:52 / All) GOKU-OR-NARUTO: teal was the better player
(44:54 / All) GOKU-OR-NARUTO: its over pink lol
(44:57 / All) GOKU-OR-NARUTO: bes tu can hope for is
(44:59 / All) GOKU-OR-NARUTO: is me dcing
(45:12 / All) texas: u a peice of shit
(45:15 / All) VodkaOrc: you lose pink
(45:16 / All) VodkaOrc: lol
(45:20 / All) texas: Lol fuck u
(45:26 / All) GOKU-OR-NARUTO: fuck off pink
(45:29 / All) GOKU-OR-NARUTO: fuck off blue
(45:31 / All) GOKU-OR-NARUTO: fuck u yellow
(45:35 / All) GOKU-OR-NARUTO: copter asshole
(45:46 / All) GOKU-OR-NARUTO: teal is my best friend in case u didnt know
(45:47 / All) texas: never played with such a fag
(45:50 / All) GOKU-OR-NARUTO: id do anythig for himm
(45:59 / All) texas: lol na u just a fuckin fag
(46:23 / All) GOKU-OR-NARUTO: teal is my roommate
(46:25 / All) GOKU-OR-NARUTO: we staged this
(46:29 / All) GOKU-OR-NARUTO: i love him like a brother
(46:34 / All) VodkaOrc: You got owned
(46:36 / All) GOKU-OR-NARUTO: id take a bullet for him
(46:40 / All) HielHillary: so u both get tked forever
(46:43 / All) VodkaOrc: From where you're kneeling it must look like an 18-karat run of bad luck
(46:45 / All) VodkaOrc: but the truth is
(46:49 / All) VodkaOrc: the game was rigged from the start
(46:59 / All) texas: fuk u
(47:05 / All) GOKU-OR-NARUTO: yellow is the only intelligent one
(47:12 / All) texas: u are a dumb fuck
(47:33 / All) GOKU-OR-NARUTO: lol pink
(47:39 / All) GOKU-OR-NARUTO: LOL PINK
(47:41 / All) VodkaOrc: pathetic blue
(47:41 / All) GOKU-OR-NARUTO: im cracking up
(47:42 / All) VodkaOrc: give up lol
(47:43 / All) texas: your so lucky cant hamer u
(47:56 / All) GOKU-OR-NARUTO: correct yellow
(48:02 / All) Proud_2be_Black: lol
(48:03 / All) GOKU-OR-NARUTO: yellow was raping me. blue and idiot pink did nothing
(48:04 / All) texas: u the tk
(48:10 / All) texas: Fukking nigger
(48:14 / All) GOKU-OR-NARUTO: pink says yellow was the tker lol
(48:21 / All) Proud_2be_Black: ya
(48:23 / All) texas: no u faggot
(48:57 / All) GOKU-OR-NARUTO: nice bolt on mirror pink
(49:10 / All) texas: your so fukin gay
(49:23 / All) GOKU-OR-NARUTO: teal wears the pants in our relationship
(49:25 / All) GOKU-OR-NARUTO: i do what he says
(50:07 / All) GOKU-OR-NARUTO: why do u want gold pink
(50:09 / All) GOKU-OR-NARUTO: its over lol
(50:10 / All) texas: stfu
(50:18 / All) GOKU-OR-NARUTO: dude pink is hiarious
(50:25 / All) texas: your suck a bitch
(50:28 / All) GOKU-OR-NARUTO: freaking einstein on our team
(50:34 / All) VodkaOrc: He seems like a joker
(50:35 / All) texas: lol u cant beat me
(50:38 / All) texas: u a bitch
(51:14 / All) GOKU-OR-NARUTO: kill my base ithink
(51:16 / All) GOKU-OR-NARUTO: its over
(51:18 / All) GOKU-OR-NARUTO: only pink left
(51:32 / All) GOKU-OR-NARUTO: pink toewrs first
(51:53 / All) texas: yall are fukin gay
(52:02 / All) texas: i hope yall had fun
(52:06 / All) GOKU-OR-NARUTO: i did lawl
(52:08 / All) texas: im gonna tk u every time i play u
(52:12 / All) GOKU-OR-NARUTO: we on new accts
(52:12 / All) VodkaOrc: good luck
(52:13 / All) HielHillary: so am i
(52:14 / All) VodkaOrc: you can't if you try
(52:16 / All) VodkaOrc: lol
(52:21 / All) VodkaOrc: and we always have different names
(52:22 / All) Proud_2be_Black: lol pink, so do u still think i was the tker? idiot
(52:23 / All) VodkaOrc: you all got played
(52:25 / All) VodkaOrc: admit it
(52:37 / All) texas: i never though u were the tker dip shit yellow
(52:39 / All) GOKU-OR-NARUTO: they seirously
(52:41 / All) GOKU-OR-NARUTO: should have killed us
(52:48 / All) Proud_2be_Black: ya you got pink and blue, they dmb as fuck
(52:50 / All) texas: we had win easy
(52:52 / All) GOKU-OR-NARUTO: yellow is the only smart one here
(52:53 / All) texas: but u tk
(53:01 / All) GOKU-OR-NARUTO: i fucked upthe tk and yellow was raping me
(53:08 / All) GOKU-OR-NARUTO: if blue or pink helped i was dead
(53:21 / All) texas: stfu u trash
(53:26 / All) texas: tk ing your self
(53:26 / All) HielHillary: tru
(53:28 / All) texas: fukin faggot
(53:32 / All) GOKU-OR-NARUTO: lol
(53:34 / All) GOKU-OR-NARUTO: dude
(53:36 / All) GOKU-OR-NARUTO: im cracking up
(53:43 / All) GOKU-OR-NARUTO: this is more funnier than hilarys face
(53:55 / All) VodkaOrc: wow all my units are 0 hp
(54:31 / All) texas: teal your trash too lol
(54:36 / All) VodkaOrc: I own you 1v4
(54:38 / All) VodkaOrc: who wins?
(54:39 / All) VodkaOrc: I win
(54:40 / All) texas: took you a year to get to teir 4
(54:41 / All) texas: lol
(54:42 / All) GOKU-OR-NARUTO: kill my peons in mniddle
(54:45 / All) VodkaOrc: there's only 3 tiers
(54:46 / All) VodkaOrc: lol
(54:49 / All) GOKU-OR-NARUTO: teal helped me out big time
(54:53 / All) GOKU-OR-NARUTO: teal is drunk right no wtoo
(54:57 / All) texas: and u were on raiders lol
(55:01 / All) texas: Lol noob
(55:05 / All) texas: iid rape u
(55:14 / All) VodkaOrc: 1v1?
(55:17 / All) VodkaOrc: I rape you any day son
(55:19 / All) GOKU-OR-NARUTO: killing my bm in case i dc
(55:20 / All) texas: Lol hack more
(55:36 / All) texas: u think i want to waste my time with a bitch like u
(55:41 / All) VodkaOrc: dodger lol
(55:44 / All) GOKU-OR-NARUTO: rofl
(55:44 / All) VodkaOrc: scared you'd lose?
(55:47 / All) texas: lol
(55:53 / All) GOKU-OR-NARUTO: pink if u win ill give pics of my sister
(55:54 / All) texas: i dont want to see your gay ass agian
(56:17 / All) VodkaOrc: raped
(56:27 / All) GOKU-OR-NARUTO: u did very good. i almost blew it
(56:34 / All) GOKU-OR-NARUTO: yellows copters fucked me
(56:36 / All) VodkaOrc: told you we had this
(56:52 / All) VodkaOrc: he's whispering me
(56:53 / All) VodkaOrc: pink
(57:09 / All) VodkaOrc: wow
(57:12 / All) GOKU-OR-NARUTO: my team loses i say
(57:17 / All) VodkaOrc: yeah
(57:18 / All) GOKU-OR-NARUTO: stay on bnet so he keps whisping
(57:38 / All) GOKU-OR-NARUTO: i
(57:43 / All) GOKU-OR-NARUTO: me leave?
(57:52 / All) VodkaOrc: yeah